 Dungeon Crawl Stone Soup version 0.28.0 (webtiles) character file.

Game seed: 15336887814590257250

10591 bande the Cleaver (level 11, -12/68 HPs)
             Began as a Gargoyle Fighter on Feb 18, 2022.
             Was a High Priest of Okawaru.
             Killed from afar by Maggie (26 damage)
             ... with a bolt of fire
             ... on level 1 of the Lair of Beasts on Feb 19, 2022.
             The game lasted 00:23:58 (12308 turns).

bande the Cleaver (Gargoyle Fighter)               Turns: 12308, Time: 00:23:59

Health: -12/68     AC: 27    Str: 20    XL:     11   Next: 64%
Magic:  11/11      EV:  6    Int:  9    God:    Okawaru [*****.]
Gold:   270        SH:  6    Dex: 13    Spells: 10/10 levels left

rFire   . . .      SeeInvis +   a - +1 war axe (elec)
rCold   . . .      Faith    .   c - +1 buckler
rNeg    + . .      Spirit   .   y - +0 plate armour
rPois   ∞          Reflect  .   b - +2 helmet
rElec   +          Harm     .   q - +0 cloak
rCorr   .          Rampage  .   (no gloves)
Will    +....                   (no boots)
Stlth   ..........              A - amulet of regeneration
HPRegen 1.01/turn               i - ring of willpower
MPRegen 0.12/turn               x - ring of see invisible

@: mighty
A: sickness immunity, AC +8, negative energy resistance 1, electricity
resistance, torment resistance 1, petrification resistance
a: Renounce Religion, Heroism, Finesse, Duel


You were on level 1 of the Lair of Beasts.
You worshipped Okawaru.
Okawaru was extremely pleased with you.
You visited 3 branches of the dungeon, and saw 10 of its levels.
You also visited: Ossuary.

You collected 570 gold pieces.
You spent 300 gold pieces at shops.

Inventory:

Hand Weapons
 a - a +1 war axe of electrocution (weapon)
 u - the +8 mace of Ignis's Favour {speed, Int+6}
   (You found it on level 6 of the Dungeon)

   Attacks with this weapon are significantly faster.
   Int:       It affects your intelligence (+6).
Missiles
 k - 4 throwing nets (quivered)
Armour
 b - a +2 helmet (worn)
 c - a +1 buckler (worn)
 q - a +0 cloak (worn)
 y - a +0 plate armour (worn)
Jewellery
 i - a ring of willpower (left hand)
 x - a ring of see invisible (right hand)
 A - an amulet of regeneration (around neck)
Wands
 j - a wand of acid (9)
 p - a wand of iceblast (6)
 s - a wand of mindburst (10)
 t - a wand of polymorph (6)
 z - a wand of flame (33)
Scrolls
 f - a scroll of teleportation
 m - 2 scrolls of enchant weapon
 r - a scroll of enchant armour
 D - a scroll of amnesia
Potions
 e - 3 potions of curing
 g - a potion of cancellation {unknown}
 h - 2 potions of resistance
 l - 2 potions of heal wounds {unknown}
 n - 2 potions of flight
 B - 2 potions of haste {unknown}
 C - a potion of berserk rage {unknown}
 F - 2 potions of magic
 G - 3 potions of mutation


   Skills:
 + Level 8.1 Fighting
 + Level 10.7 Axes
 + Level 9.4 Armour
 + Level 6.5 Shields
 * Level 7.0 Evocations


You had 10 spell levels left.
You didn't know any spells.
Your spell library contained the following spells:

 Spells                   Type           Power      Damage    Failure   Level
 Magic Dart               Conj           0%         1d3       100%        1
 Sting                    Tmut/Pois      0%         1d3       100%        1
 Poisonous Vapours        Pois/Air       0%         N/A       100%        2
 Searing Ray              Conj           0%         2d4       100%        2
 Stone Arrow              Conj/Erth      0%         3d7       100%        3
 Fulminant Prism          Conj/Hex       0%         3d6       100%        4
 Olgreb's Toxic Radiance  Pois           0%         N/A       100%        4
 Lehudib's Crystal Spear  Conj/Erth      0%         10d2      100%        8
 Animate Armour           Summ/Erth      Unusable   N/A       N/A         4

Dungeon Overview and Level Annotations

Branches:
Dungeon (8/15)             Temple (1/1) D:6            Lair (1/6) D:8
Ossuary (visited)

Altars:
Ashenzari
Cheibriados
Dithmenos
Elyvilon
Fedhas
Gozag
Hepliaklqana
Kikubaaqudgha
Nemelex Xobeh
Okawaru
Qazlal
Ru
Sif Muna
Trog
Uskayaw
Vehumet
Wu Jian
Yredelemnul
Zin
The Shining One
Beogh
Lugonu

Shops:
D:7 =

Portals:
Abyss: D:7

Annotations:
Lair:1 Maggie


Innate Abilities, Weirdness & Mutations

You are immune to sickness and miasma.
Your stone body is resilient. (AC +8)
You are immune to poison.
You resist negative energy. (rN+)
You are resistant to electric shocks. (rElec)
You are resistant to unholy torment.
You are immune to petrification.


Message History

You hit the yak.
The yak is heavily wounded.
You barely miss Maggie. You block Maggie's attack.
The yak gores you but does no damage.
You slice the yak!! Lightning courses through the yak!!
You kill the yak!
Okawaru accepts your kill.
You barely miss Maggie.
Maggie points at you and mumbles some strange words.
The bolt of fire hits you!
Unknown command.
Maggie hits you with a +1 scimitar of draining!
* * * LOW HITPOINT WARNING * * *
You block the komodo dragon's attack.
Unknown command.
You slash Maggie!
Maggie is moderately wounded.
You barely miss the komodo dragon. The komodo dragon bites you.
* * * LOW HITPOINT WARNING * * *
Maggie gestures wildly while chanting.
Maggie attempts to bespell you! You resist with almost no effort.
Unknown command.
You slice Maggie!!
Maggie is severely wounded.
You hit the komodo dragon. The komodo dragon barely misses you.
Maggie hits you but does no damage.
Unknown command.
You closely miss Maggie.
Maggie is severely wounded.
You hit the komodo dragon.
Lightning courses through the komodo dragon!
The komodo dragon bites you but does no damage.
Maggie hits you but does no damage.
Unknown command.
You slash Maggie!
Maggie is severely wounded.
You hit the komodo dragon but do no damage.
Maggie points at you and mumbles some strange words.
The bolt of fire hits you!!
You die...

### ####
#####P############@P######
..............F.F.Y......#
..#..##+#....########....##
..#..........†###.####F...#
..#......#...'.l....##Y..##
...†.....#...†#@@†..##....#
..#......#..Y##.....##...##
..#......#...##......#...#
.............##.....##...#
..#...(..#.@..#######....#
.........#...##.#.##.#...#
..##.P.P##.....F..Y......#
..............F..........#
.........................#


You could see Maggie and a komodo dragon.

Vanquished Creatures
  Harold (D:7)
  A hydra (Lair:1)
  A two-headed ogre (D:8)
  Pikel (D:8)
  A gargoyle (D:8)
  5 cane toads (Lair:1)
  A hornet (D:8)
  Grinder (D:6)
  16 yaks
  Eustachio (D:5)
  A golden eye (shapeshifter) (D:8)
  Menkaure (D:6)
  A steam dragon (D:8)
  5 water moccasins
  A hornet zombie (D:8)
  An orc warrior (D:8)
  An ice beast (D:6)
  2 ogres (D:5)
  2 necrophages
  A centaur (D:5)
  A lemure (D:8)
  A phantom (D:4)
  A kobold brigand (D:6)
  8 bullfrogs
  3 scorpions
  A wyvern zombie (D:8)
  A water moccasin zombie (D:7)
  A wyvern skeleton (D:7)
  5 killer bees
  3 howler monkeys
  3 electric eels (Lair:1)
  4 centaur zombies
  A human zombie (Ossuary)
  A jelly (D:7)
  3 bullfrog skeletons (D:6)
  A centaur skeleton (D:6)
  An orc priest (D:6)
  An iguana (D:6)
  4 orc wizards
  4 mummies (Ossuary)
  Robin (D:3)
  8 gnolls
  6 adders
  2 white imps
  7 dart slugs
  15 orcs
  9 endoplasms
  2 giant cockroaches
  10 goblins
  8 hobgoblins
  3 jackals (D:4)
  4 quokkas
  7 ball pythons
  2 bats
  2 frilled lizards (D:1)
  A gnoll zombie (Ossuary)
  2 goblin zombies (D:8)
  A hobgoblin zombie (Ossuary)
  9 kobolds
  2 orc zombies (Ossuary)
  6 rats
200 creatures vanquished.

Vanquished Creatures (others)
  7 fungi (Lair:1)
  19 plants
26 creatures vanquished.

Grand Total: 226 creatures vanquished

Notes
Turn   | Place    | Note
-------+----------+-------------------------------------------
     0 | D:1      | bande the Gargoyle Fighter began the quest for the Orb.
     0 | D:1      | Reached XP level 1. HP: 14/14 MP: 1/1
   240 | D:1      | Reached XP level 2. HP: 19/19 MP: 2/2
   313 | D:1      | Reached skill level 2 in Axes
   557 | D:1      | Reached XP level 3. HP: 10/23 MP: 3/3
  1017 | D:1      | Found a faded altar of an unknown god.
  2043 | D:2      | Reached XP level 4. HP: 25/29 MP: 4/4
  2634 | D:3      | Noticed Robin
  2649 | D:3      | Killed Robin
  3004 | D:3      | Reached skill level 3 in Axes
  3009 | D:3      | Reached XP level 5. HP: 22/33 MP: 5/5
  3638 | D:3      | Found a radiant altar of Vehumet.
  3638 | D:3      | Found an ancient bone altar of Kikubaaqudgha.
  3722 | D:4      | Noticed a yak
  3722 | D:4      | Noticed a yak
  3723 | D:4      | Noticed a yak
  3723 | D:4      | Noticed a yak
  3724 | D:4      | Noticed a phantom
  3769 | D:3      | Killed a yak
  3770 | D:3      | Reached skill level 1 in Evocations
  3770 | D:3      | Reached XP level 6. HP: 28/38 MP: 6/6
  3778 | D:3      | Killed a yak
  3779 | D:3      | Reached skill level 4 in Axes
  3779 | D:3      | Reached skill level 5 in Armour
  4066 | D:3      | Killed a yak
  4067 | D:3      | Reached XP level 7. HP: 38/44 MP: 7/7
  4120 | D:4      | Killed a yak
  4121 | D:4      | Reached skill level 5 in Axes
  4477 | D:5      | Entered Level 5 of the Dungeon
  4494 | D:5      | Reached XP level 8. HP: 10/48 MP: 8/8
  5840 | D:5      | Reached skill level 6 in Axes
  5856 | D:5      | Reached skill level 5 in Fighting
  5958 | D:5      | Found a blossoming altar of Fedhas.
  6374 | D:5      | Noticed Eustachio
  6389 | D:5      | Killed Eustachio
  6390 | D:5      | Reached skill level 7 in Axes
  6843 | D:5      | Reached XP level 9. HP: 54/54 MP: 9/9
  7284 | D:6      | Identified the +8 mace of Ignis's Favour {speed, Int+6}
  7417 | D:6      | Noticed Menkaure
  7424 | D:6      | Killed Menkaure
  7917 | D:6      | Found a staircase to the Ecumenical Temple.
  7928 | Temple   | Entered the Ecumenical Temple
  8023 | Temple   | Became a worshipper of Warmaster Okawaru
  8378 | D:6      | Noticed Grinder
  8390 | D:6      | Killed Grinder
  8696 | D:7      | Reached skill level 8 in Axes
  9045 | D:7      | Found a large runed translucent door.
  9046 | D:7      | Found a large runed translucent door.
  9046 | D:7      | Found a corrupted altar of Lugonu.
  9073 | D:7      | Noticed Harold
  9086 | D:7      | Killed Harold
  9086 | D:7      | Reached * piety under Okawaru
  9087 | D:7      | Reached skill level 5 in Shields
  9087 | D:7      | Reached skill level 5 in Evocations
  9087 | D:7      | Reached XP level 10. HP: 55/60 MP: 10/10
  9370 | D:7      | Found Yzuacwut's Jewellery Boutique.
  9379 | D:7      | Bought an amulet of regeneration for 300 gold pieces
  9432 | D:7      | Found a one-way gate to the infinite horrors of the Abyss.
  9941 | D:8      | Noticed a two-headed ogre
  9952 | D:8      | Killed a two-headed ogre
  9952 | D:8      | Reached ** piety under Okawaru
  9953 | D:8      | Reached skill level 9 in Axes
 10089 | D:8      | Found a sand-covered staircase.
 10097 | Ossuary  | Entered an ossuary
 10606 | D:8      | Noticed Pikel
 10630 | D:8      | Killed Pikel
 10699 | D:8      | Found a staircase to the Lair.
 10803 | D:8      | Noticed a harpy
 10803 | D:8      | a basilisk changed into a harpy
 10807 | D:8      | a harpy changed into a golden eye
 10810 | D:8      | Reached *** piety under Okawaru
 10822 | D:8      | Noticed a gargoyle
 11007 | D:8      | Killed a gargoyle
 11335 | D:8      | Found a sparkling altar of Nemelex Xobeh.
 11645 | Lair:1   | Entered Level 1 of the Lair of Beasts
 11767 | Lair:1   | Noticed a four-headed hydra
 11818 | Lair:1   | Killed a six-headed hydra
 11818 | Lair:1   | Reached **** piety under Okawaru
 11819 | Lair:1   | Reached skill level 10 in Axes
 11819 | Lair:1   | Reached XP level 11. HP: 22/67 MP: 8/11
 12237 | Lair:1   | Noticed Maggie
 12285 | Lair:1   | Reached ***** piety under Okawaru
 12308 | Lair:1   | Killed from afar by Maggie

Illustrated notes

Levels and vault maps discovered:
D:1:      scummos_arrival_forest, layout_basic,
          hellmonk_ecumenical_altar_defaced_shrine, minmay_crystal_room
D:2:      layout_basic
D:3:      layout_loops_ring, gammafunk_temple_overflow_statue,
          kennysheep_small_spiral, uniq_robin
D:4:      layout_layer_cave
D:5:      minmay_spotlight, layout_basic, mainiacjoe_overflow_boulevard,
          uniq_eustachio
D:6:      layout_layer_cave, minmay_temple_entry_grid, uniq_grinder,
          uniq_menkaure
D:7:      due_chaos_kobolds, layout_cave_pods, serial_shops,
          nicolae_shop_temple_entry_statues_fountains, minmay_misc_feat_tower,
          uniq_harold
D:8:      kennysheep_blocky_room, layout_loops_ring,
          nemelex_xobeh_ov_fountains_minmay, lair_entry_dummy, enter_ossuary_4,
          serial_bayou_pond_c, uniq_pikel
Temple:   regret_index_temple_sphere_string
Lair:1:   layout_regular_city, serial_bayou_lake_a, uniq_maggie, uniq_urug

Skill      XL: |  1  2  3  4  5  6  7  8  9 10 11 |
---------------+----------------------------------+-----
Axes           | 2 3 4 5 7 8 10 | 10.7
Armour         | 4 5 6 7 8 9 |  9.4
Fighting       | 4 5 6 7 8 |  8.1
Evocations     | 1 2 3 5 6 7 |  7.0
Shields        | 4 5 6 |  6.5

Action                   |  1- 3 |  4- 6 |  7- 9 | 10-12 || total
-------------------------+-------+-------+-------+-------++-------
Melee: War axe           |   130 |    81 |   233 |   310 ||   754
       Mace              |       |       |       |    10 ||    10
Invok: Heroism           |       |       |       |     1 ||     1
  Use: Scroll            |     3 |     4 |     2 |     7 ||    16
       Potion            |       |       |       |     5 ||     5
Armor: Scale mail        |    75 |    31 |   156 |    43 ||   305
       Plate armour      |       |       |       |   225 ||   225
Dodge: Dodged            |    73 |    34 |   102 |   130 ||   339
Block: Buckler           |    31 |    23 |    66 |   136 ||   256
